 Dungeon Crawl Stone Soup version 0.19.0-2-gae57169 (webtiles) character file.

6759 shmeve the Fighter (level 10, -5/96 HPs)
             Began as a Minotaur Berserker on Nov 6, 2016.
             Was an Elder of Trog.
             Killed from afar by an electric eel (13 damage)
             ... with a bolt of electricity
             ... on level 9 of the Dungeon.
             The game lasted 00:17:37 (6236 turns).

shmeve the Fighter (Minotaur Berserker)             Turns: 6236, Time: 00:17:40

Health: -5/96      AC: 23    Str: 24    XL:     10   Next: 75%
Magic:  9/9        EV: 12    Int:  4    God:    Trog [****..]
Gold:   368        SH:  0    Dex: 13    Spells: 0 memorised, 9 levels left

rFire  . . .     SeeInvis .     C - +0 broad axe
rCold  . . .     Gourm    .     O - +3 chain mail
rNeg   . . .     Faith    .     (no shield)
rPois  .         Spirit   .     (helmet restricted)
rElec  .         Reflect  .     w - +2 cloak
rCorr  .         Harm     .     p - +0 pair of gloves
MR     ++...                    (no boots)
Stlth  ..........               (no amulet)
                                y - +5 ring of protection
                                g - +2 ring of dexterity

@: regenerating
A: retaliatory headbutt, horns 2
a: Berserk, Trog's Hand, Brothers in Arms, Burn Spellbooks, Renounce Religion


You were on level 9 of the Dungeon.
You worshipped Trog.
Trog was greatly pleased with you.
You were hungry.

You visited 1 branch of the dungeon, and saw 9 of its levels.

You collected 555 gold pieces.
You spent 187 gold pieces at shops.

Inventory:

Hand Weapons
 C - a +0 broad axe (weapon)
Missiles
 K - 4 javelins of returning (quivered)
 N - 7 javelins of penetration
Armour
 p - a +0 pair of gloves (worn)
 w - a +2 cloak (worn)
 O - a +3 chain mail (worn)
Jewellery
 g - a +2 ring of dexterity (left hand)
 y - a +5 ring of protection (right hand)
Wands
 I - a wand of heal wounds (4/9)
Scrolls
 d - 13 scrolls of identify
 f - 2 scrolls of immolation {unknown}
 i - 10 scrolls of remove curse
 k - 2 scrolls of fog {unknown}
 l - 2 scrolls of enchant weapon {unknown}
 r - 3 scrolls of enchant armour {unknown}
 s - 2 scrolls of noise {unknown}
 t - 5 scrolls of teleportation {unknown}
 x - 4 scrolls of blinking {unknown}
 B - a scroll of magic mapping {unknown}
 D - a scroll of fear {unknown}
 F - a scroll of random uselessness {unknown}
 H - a scroll of holy word {unknown}
 J - a scroll of torment {unknown}
 L - a scroll of recharging {unknown}
Potions
 a - 2 potions of degeneration {unknown}
 e - 3 potions of cure mutation {unknown}
 h - 4 potions of might
 j - 5 potions of curing
 m - 2 potions of brilliance {unknown}
 n - a potion of berserk rage {unknown}
 o - 4 potions of agility {unknown}
 q - 2 potions of mutation {unknown}
 v - 2 potions of lignification {unknown}
 z - a potion of experience {unknown}
 A - 4 potions of heal wounds
 G - 2 potions of invisibility
 P - a potion of magic {unknown}
Comestibles
 b - 4 meat rations
 c - 4 bread rations
 u - 9 slices of pizza
 E - 12 fruits
 M - a beef jerky


   Skills:
 * Level 11.4 Fighting
 * Level 10.8 Axes
 + Level 5.9 Throwing
 + Level 7.9 Armour
 + Level 7.1 Dodging


You had 9 spell levels left.
You didn't know any spells.

Dungeon Overview and Level Annotations

Branches:
Dungeon (9/15)             Temple (0/1) D:5
   Lair: D:8-11         Orc: D:9-12

Altars:
Makhleb
Nemelex Xobeh
Uskayaw
Xom

Shops:
D:4 !   D:9 [!


Innate Abilities, Weirdness & Mutations

You reflexively headbutt those who attack you in melee.
You have a pair of horns on your head.


Message History

You completely miss the ice beast. You slash the white imp!
You kill the white imp!
Trog accepts your kill.
The electric eel shoots out a bolt of lightning at you!
The bolt of electricity hits the electric eel.
The electric eel completely resists.
The bolt of electricity hits you!
* * * LOW HITPOINT WARNING * * *
The ice beast barely misses you.
The electric eel shoots out a bolt of lightning at you!
The bolt of electricity hits you!
* * * LOW HITPOINT WARNING * * *
The electric eel shoots out a bolt of lightning at you!
The bolt of electricity misses you.
Your skin crawls.
You feel resistant to hostile enchantments.
You are feeling hungry.
The ice beast hits you but does no damage.
The electric eel shoots out a bolt of lightning at you!
The bolt of electricity hits you!
You die...

..... ...≈≈...≈... #...
#...;≈.....# #..##
.#..s≈..≈≈..#
#...##.#......≈≈..#
##..[.....#..≈≈≈..#
#......##.#..≈≈≈..#
#..._..##.#..;†≈..####
#####<.....##.#.@Y.......
...)#......##.....##...####
...)).##.#....#..###.......
.8..####......#..(((..# #
....## ##.....###...#.##.
..=..####..∩.......[.....
.#...##........####≈≈≈....
.#......#.....## ≈≈≈≈≈<...
..#...#######(####≈≈z≈≈....


You could see an ice beast, a scorpion and 2 electric eels.

Vanquished Creatures
  A hydra (D:8)
  Joseph (D:8)
  A polar bear (D:9)
  Grinder (D:4)
  2 dream sheep (D:8)
  A hippogriff (D:7)
  Sigmund (D:4)
  2 yaks (D:8)
  Eustachio (D:5)
  Menkaure (D:4)
  Edmund (D:5)
  An orc warrior (D:8)
  6 ice beasts
  A black bear (D:7)
  A sky beast (D:6)
  3 ogres
  2 phantoms (D:9)
  3 centaurs
  4 big kobolds
  Blork the orc (D:5)
  4 bullfrogs
  2 wyvern skeletons
  A scorpion (D:5)
  5 killer bees (D:7)
  3 wights (D:9)
  2 electric eels (D:9)
  A bullfrog zombie (D:8)
  4 crimson imps
  2 centaur zombies
  3 jellies
  Crazy Yiuf (D:2)
  5 hounds
  2 orc priests (D:8)
  3 bullfrog skeletons
  2 centaur skeletons
  Jessica (D:2)
  2 iguanas
  Terence (D:2)
  3 orc wizards
  5 worker ants
  A killer bee zombie (D:7)
  A bullfrog simulacrum (D:9)
  A howler monkey zombie (D:6)
  Robin (D:3)
  9 adders
  2 shadow imps
  5 white imps (D:9)
  A worker ant simulacrum (D:9)
  An ufetubus (D:9)
  2 oozes
  An adder skeleton (D:7)
  2 worms
  A leopard gecko (D:5)
  13 orcs
  6 bats
  3 giant cockroaches
  13 goblins
  4 hobgoblins
  10 jackals
  13 kobolds
  8 quokkas
  3 ball pythons
  A ball python skeleton (D:5)
  3 frilled lizards
  2 leopard gecko skeletons
  A quokka zombie (D:5)
  3 rats
198 creatures vanquished.

Notes
Turn   | Place    | Note
-------+----------+-------------------------------------------
     0 | D:1      | shmeve the Minotaur Berserker began the quest for the Orb.
     0 | D:1      | Reached XP level 1. HP: 19/19 MP: 0/0
   137 | D:1      | Reached XP level 2. HP: 19/27 MP: 1/1
   441 | D:1      | Reached skill level 4 in Fighting
   644 | D:2      | Reached XP level 3. HP: 33/33 MP: 2/2
   686 | D:2      | Found a sparkling altar of Nemelex Xobeh.
   686 | D:2      | Noticed Terence
   698 | D:2      | Killed Terence
   698 | D:2      | Reached skill level 1 in Throwing
   716 | D:2      | Reached XP level 4. HP: 32/41 MP: 3/3
   716 | D:2      | Reached ** piety under Trog
   849 | D:2      | Noticed Jessica
   855 | D:2      | Killed Jessica
   874 | D:2      | Found a shimmering altar of Xom.
   900 | D:2      | Reached skill level 5 in Fighting
   982 | D:2      | Found a runed door.
   986 | D:2      | Noticed Crazy Yiuf
   990 | D:2      | Paralysed by Crazy Yiuf for 4 turns
   996 | D:2      | Killed Crazy Yiuf
   996 | D:2      | Reached XP level 5. HP: 25/48 MP: 4/4
  1629 | D:3      | Noticed Robin
  1646 | D:3      | Killed Robin
  1854 | D:4      | Reached skill level 5 in Axes
  1872 | D:4      | Noticed a hand axe
  1873 | D:4      | Noticed a hand axe
  1876 | D:4      | Found a hide-covered altar of Uskayaw.
  1915 | D:4      | Noticed Menkaure
  1917 | D:4      | Noticed Grinder
  1919 | D:4      | Killed Menkaure
  1919 | D:4      | Reached XP level 6. HP: 30/57 MP: 5/5
  1922 | D:4      | Killed Grinder
  1922 | D:4      | Reached skill level 6 in Fighting
  1922 | D:4      | Reached XP level 7. HP: 35/64 MP: 6/6
  2135 | D:4      | Found Muunkoku's Distillery.
  2142 | D:4      | Noticed Sigmund
  2151 | D:4      | Killed Sigmund
  2181 | D:4      | Bought a potion of heal wounds for 55 gold pieces
  2181 | D:4      | Bought a potion of might for 44 gold pieces
  2181 | D:4      | Bought a potion of heal wounds for 55 gold pieces
  2181 | D:4      | Bought a potion of curing for 33 gold pieces
  2343 | D:4      | Reached *** piety under Trog
  2343 | D:4      | Reached skill level 7 in Fighting
  2578 | D:5      | Entered Level 5 of the Dungeon
  2578 | D:5      | Noticed Blork the orc
  2582 | D:5      | Killed Blork the orc
  2608 | D:5      | Noticed Eustachio
  2614 | D:5      | Killed Eustachio
  2614 | D:5      | Reached XP level 8. HP: 73/73 MP: 7/7
  3022 | D:5      | Found a staircase to the Ecumenical Temple.
  3105 | D:5      | Noticed Edmund
  3112 | D:5      | Reached skill level 5 in Armour
  3116 | D:5      | Killed Edmund
  3705 | D:6      | Reached skill level 8 in Fighting
  3902 | D:6      | Reached skill level 5 in Dodging
  4113 | D:6      | Reached XP level 9. HP: 78/82 MP: 8/8
  4413 | D:7      | Reached skill level 9 in Fighting
  4553 | D:7      | Reached **** piety under Trog
  5097 | D:8      | Received a gift from Trog
  5232 | D:8      | Reached skill level 10 in Fighting
  5232 | D:8      | Reached skill level 5 in Throwing
  5237 | D:8      | Reached XP level 10. HP: 93/93 MP: 9/9
  5266 | D:8      | Noticed a two-headed hydra
  5279 | D:8      | Killed an 11-headed hydra
  5279 | D:8      | Reached skill level 10 in Axes
  5401 | D:8      | Noticed Joseph
  5414 | D:8      | Killed Joseph
  5681 | D:8      | Reached skill level 11 in Fighting
  5844 | D:9      | Found a burning altar of Makhleb.
  5856 | D:9      | Received a gift from Trog
  5928 | D:9      | Found Wysoch Goschy's Antique Armour Shop.
  5955 | D:9      | Found Anel's Distillery.
  6236 | D:9      | Killed from afar by an electric eel

Skill      XL: |  1  2  3  4  5  6  7  8  9 10 |
---------------+-------------------------------+-----
Fighting       | 4 5 6 7 8 10 11 | 11.4
Axes           | 4 5 6 8 9 10 | 10.8
Throwing       | 1 2 3 4 5 |  5.9
Armour         | 3 4 5 6 7 |  7.9
Dodging        | 3 4 5 6 7 |  7.1

Action                   |  1- 3 |  4- 6 |  7- 9 | 10-12 || total
-------------------------+-------+-------+-------+-------++-------
Melee: Hand axe          |    38 |    69 |    13 |       ||   120
       Headbutt          |     4 |    15 |    54 |    29 ||   102
       Broad axe         |       |       |   215 |   113 ||   328
Throw: Javelin           |       |       |     3 |     5 ||     8
Invok: Berserk           |     1 |     2 |     3 |     2 ||     8
       Burn Spellbooks   |       |       |     1 |       ||     1
       Trog's Hand       |       |       |     2 |     1 ||     3
  Use: Scroll            |       |       |     2 |       ||     2
  Eat: Chunk             |       |     5 |    13 |     6 ||    24
       Beef jerky        |       |       |     1 |       ||     1
Armor: Animal skin       |    18 |       |       |       ||    18
       Scale mail        |       |    36 |    37 |       ||    73
       Chain mail        |       |       |   144 |   100 ||   244
Dodge: Dodged            |    42 |    52 |   148 |   122 ||   364
